 Dungeon Crawl Stone Soup version 0.25.0-10-g039870ee82 (webtiles) character file.

Game seed: 6732533257054128622

430 sanka the Magician (level 6, -2/44 HPs)
             Began as a Mummy Skald on June 23, 2020.
             Slain by a sixfirhy (4 damage)
             ... on level 1 of the Abyss.
             The game lasted 00:08:57 (3828 turns).

sanka the Magician (Mummy Skald)                    Turns: 3828, Time: 00:08:58

Health: -2/44      AC:  8    Str: 16    XL:     6   Next: 66%
Magic:  19/22      EV: 12    Int: 12    God:
Gold:   156        SH:  0    Dex: 12    Spells: 8/15 levels left

rFire    x . .     SeeInvis .   a - +1 spear
rCold    + . .     Gourm    .   (no shield)
rNeg     + + +     Faith    .   n - +2 robe
rPois    ∞         Spirit   .   i - +0 helmet
rElec    .         Reflect  .   (no cloak)
rCorr    .         Harm     .   (no gloves)
MR       .....                  b - +2 pair of boots
Stlth    +.........             d - amulet of the acrobat
HPRegen  0.14/turn              m - ring of magical power
MPRegen  0.18/turn              (no ring)

@: confusing touch, about to teleport
A: no food or potions, fire vulnerability, cold resistance 1, negative energy
resistance 3, torment resistance, unbreathing
a: no special abilities


You were on level 1 of the Abyss.
You were not hungry.

You visited 1 branch of the dungeon, and saw 3 of its levels.
You visited the Abyss 1 time.

You collected 156 gold pieces.


Innate Abilities, Weirdness & Mutations

You do not eat or drink.
Your flesh is vulnerable to fire.
You are immune to poison.
Your flesh is cold resistant. (rC+)
You are immune to negative energy. (rN+++)
You are immune to unholy pain and torment.
You can survive without breathing.


   Skills:
 - Level 2.0 Fighting
 - Level 1.5 Polearms
 - Level 0.7 Armour
 - Level 1.5 Dodging
 - Level 5.0 Spellcasting
 * Level 4.6 Hexes
 + Level 3.3 Charms


You had 8 spell levels left.
You knew the following spells:

 Your Spells              Type           Power        Failure   Level  Hunger
x - Spectral Weapon       Hex/Chrm       ##......     12%         3    N/A
z - Infusion              Chrm           ##..         4%          1    N/A
Z - Confusing Touch       Hex            ##......     9%          3    N/A

Your spell library contained the following spells:

 Spells                   Type           Power        Failure   Level  Hunger
 Song of Slaying          Chrm           ##......     8%          2    N/A
 Shroud of Golubria       Chrm/Tloc      #.....       16%         2    N/A
 Ozocubu's Armour         Chrm/Ice       #.......     30%         3    N/A
 Gell's Gravitas          Tloc           #.........   52%         3    N/A
 Petrify                  Tmut/Erth      #.......     89%         4    N/A
 Metabolic Englaciation   Hex/Ice        #.........   91%         5    N/A
 Yara's Violent Unravell  Hex/Tmut       #.........   91%         5    N/A

Inventory:

Hand Weapons
 a - a +1 spear (weapon)
Armour
 b - a +2 pair of boots (worn)
 i - a +0 helmet (worn)
 n - a +2 robe (worn)
Jewellery
 d - an amulet of the acrobat (around neck)
 g - an uncursed amulet of magic regeneration
 m - a ring of magical power (left hand)
Wands
 f - a wand of acid (5)
 k - a wand of random effects (20)
Scrolls
 c - a scroll of teleportation {@r4}
 e - a scroll of identify {@r1}
 h - 2 scrolls of amnesia
 j - a scroll of remove curse
 l - a scroll of fear

Dungeon Overview and Level Annotations

Branches:
Dungeon (3/15)

Altars:
Fedhas
Uskayaw
Wu Jian

Annotations:
D:2 1 runed translucent door, Crazy Yiuf
D:3 2 transporters, Sigmund

▒. ..▒▒.▒▒.
. ▒ ▒▒▒.....
▒ (
.▒..▒▒..▒.▒
▒.▒..▒▒..▒.▒
▒▒▒.▒.▒ ....
▒▒▒▒ ▒
▒▒.▒▒▒
▒.......!.▒
▒3▒▒....▒.▒
▒M▒▒▒▒..▒
▒.▒ .. ▒.▒▒.
▒.▒ ▒ ...3.
.. .▒≈▒.
♣▒▒▒.. ▒. .
▒...≈≈ ▒ ▒.▒
▒▒▒.▒.▒▒▒▒.
.▒ ▒. ▒▒ ▒.
▒ .. ▒▒


You could see a sixfirhy.


Message History

Found a gateway leading deeper into the Abyss.
Found 21 gold pieces.
You now have 156 gold pieces (gained 21).
Found 14 sling bullets.
Your magical contamination has completely faded away.
Found a golden potion.
A sixfirhy comes into view.
The sixfirhy completely misses you. The sixfirhy completely misses you.
The sixfirhy completely misses you.
As you read the scroll of teleportation {@r4}, it crumbles to dust.
You feel strangely unstable.
You feel the power of the Abyss delaying your translocation!
Your hands begin to glow red.
You miss the sixfirhy. The sixfirhy hits you. The sixfirhy shocks you!
The sixfirhy hits you but does no damage.
The sixfirhy misses you.
You closely miss the sixfirhy.
The sixfirhy hits you but does no damage.
The sixfirhy hits you. The sixfirhy shocks you!
* * * LOW HITPOINT WARNING * * *
The sixfirhy hits you.
* * * LOW HITPOINT WARNING * * *
The sixfirhy shocks you!
* * * LOW HITPOINT WARNING * * *
The sixfirhy hits you.
You die...

Action                   |  1- 3 |  4- 6 || total
-------------------------+-------+-------++-------
Melee: Spear             |   162 |   128 ||   290
 Cast: Confusing Touch   |       |     5 ||     5
       Spectral Weapon   |       |     3 ||     3
Evoke: Wand              |       |     3 ||     3
  Use: Scroll            |     6 |     3 ||     9
 Stab: Confused          |       |     2 ||     2
Armor: Leather armour    |    18 |    18 ||    36
       Robe              |       |     7 ||     7
Dodge: Dodged            |    61 |    59 ||   120

Levels and vault maps discovered:
D:1:      evilmike_arrival_hilbert_curve, layout_basic
D:2:      layout_loops_ring, first_ration, corexii_corridor_pit,
          uniq_crazy_yiuf_cottage
D:3:      gammafunk_wand_slinger, layout_loops_ring, fedhas_altar_1,
          marbit_many_paths, lemuel_doored_altar, gammafunk_ghost_nasty_kobolds,
          st_stairs_1, kennysheep_generic_room_3, uniq_jessica, uniq_grinder,
          uniq_terence, uniq_sigmund
Abyss:1:  base:
D:3

Notes
Turn   | Place    | Note
-------+----------+-------------------------------------------
     0 | D:1      | sanka the Mummy Skald began the quest for the Orb.
     0 | D:1      | Reached XP level 1. HP: 16/16 MP: 4/4
    76 | D:1      | Reached skill level 3 in Spellcasting
   167 | D:1      | Reached XP level 2. HP: 18/22 MP: 6/6
   297 | D:1      | Reached skill level 4 in Spellcasting
  1263 | D:2      | Reached XP level 3. HP: 18/27 MP: 9/9
  1639 | D:2      | Learned a level 3 spell: Spectral Weapon
  1693 | D:2      | Found a runed translucent door.
  1694 | D:2      | Noticed Crazy Yiuf
  2356 | D:3      | Reached XP level 4. HP: 23/33 MP: 10/10
  2453 | D:3      | Reached skill level 1 in Hexes
  2478 | D:3      | Found a transporter.
  2506 | D:3      | Found a transporter.
  2539 | D:3      | Learned a level 3 spell: Confusing Touch
  2547 | D:3      | Noticed Sigmund
  2612 | D:3      | Found an ornate altar of the Wu Jian Council.
  2689 | D:3      | Noticed Grinder
  2692 | D:3      | Killed Grinder
  2692 | D:3      | Reached skill level 5 in Spellcasting
  2692 | D:3      | Reached skill level 3 in Hexes
  2692 | D:3      | Reached skill level 3 in Charms
  2692 | D:3      | Reached XP level 5. HP: 38/38 MP: 10/12
  2726 | D:3      | Reached XP level 6. HP: 44/44 MP: 13/13
  2744 | D:3      | Found a hide-covered altar of Uskayaw.
  2767 | D:3      | Noticed Terence
  2797 | D:3      | Killed Terence
  2797 | D:3      | Reached skill level 4 in Hexes
  3153 | D:3      | Found a runed translucent gate.
  3153 | D:3      | Found a runed translucent gate.
  3154 | D:3      | Found a runed translucent gate.
  3154 | D:3      | Noticed Xtruder99's ghost (amateur GnHu)
  3155 | D:3      | Identified the +8 dagger of Bloody Death {drain, MR++
                  | Str+2}
  3421 | D:3      | Found a blossoming altar of Fedhas.
  3424 | D:3      | Noticed Jessica
  3434 | D:3      | Killed Jessica
  3740 | D:3      | Killed Xtruder99's ghost
  3742 | D:3      | Cast into level 1 of the Abyss (big kobold)
  3816 | Abyss:1  | Noticed a sixfirhy
  3828 | Abyss:1  | HP: 2/44 [sixfirhy (12)]
  3828 | Abyss:1  | Slain by a sixfirhy

Vanquished Creatures
  Grinder (D:3)
  The ghost of Xtruder99 the Quickloader, an amateur GnHu (D:3)
  Jessica (D:3)
  Terence (D:3)
  2 adders
  An ooze (D:2)
  5 worms
  4 dart slugs
  2 leopard geckos
  4 orcs (D:3)
  4 bats
  4 giant cockroaches
  3 goblins
  10 hobgoblins
  A quokka (D:3)
  7 frilled lizards
  7 kobolds
  10 rats
68 creatures vanquished.

Vanquished Creatures (others)
  A spectral weapon (D:3)
1 creature vanquished.

Grand Total: 69 creatures vanquished
